 Dungeon Crawl Stone Soup version 0.30-a0-802-gb92711bcdf (webtiles) character file.

Game seed: 12677619310304886254

5429 jlumianski the Cleaver (level 10, -8/77 HPs)
             Began as a Demonspawn Fighter on Feb 24, 2023.
             Was a Follower of Qazlal.
             Killed from afar by an acid dragon (20 damage)
             ... with a splash of acid
             ... on level 9 of the Dungeon.
             The game lasted 00:45:53 (9652 turns).

jlumianski the Cleaver (Demonspawn Fighter)         Turns: 9652, Time: 00:45:54

Health: -8/77      AC:  8    Str: 19    XL:     10   Next: 40%
Magic:  13/13      EV:  9    Int: 20    God:    Qazlal [*.....]
Gold:   419        SH:  9    Dex: 21    Spells: 9/9 levels left

rFire   + + .      SeeInvis .    y - +0 broad axe
rCold   x . .      Faith    .    c - +1 buckler
rNeg    . . .      Spirit   .    V - +0 plate armour
rPois   .          Reflect  .    (no helmet)
rElec   .          Harm     .    M - +0 cloak
rCorr   .          Rampage  .    (no gloves)
Will    .....                    (no boots) Stlth
                                 (no amulet)
HPRegen 0.32/turn                i - +6 ring of dexterity
MPRegen 0.26/turn                d - ring "Jistin" {rF++ rC- Int+6 Dex+3}

@: lethally poisoned (-8 -> -11), about to teleport, corroded
A: hooves 1, demonic guardian 3, magic regeneration, weakness stinger 2,
iridescent scales 1, clever 1, sturdy frame 1
a: Renounce Religion


You were on level 9 of the Dungeon.
You worshipped Qazlal.
Qazlal was aware of your devotion.
You visited 2 branches of the dungeon, and saw 10 of its levels.
You also visited: Ossuary.

You collected 575 gold pieces.
You spent 156 gold pieces at shops.

Inventory:

Hand Weapons
 a - a +0 war axe
 y - a +0 broad axe (weapon)
 G - a +5 trident
 Q - a +3 spear of venom
Missiles
 g - 73 stones
 k - 23 poisoned darts (quivered)
 D - 2 throwing nets
 E - 3 boomerangs
 P - 3 curare-tipped darts
Armour
 b - a +0 scale mail
 c - a +1 buckler (worn)
 M - a +0 cloak (worn)
 V - a +0 plate armour (worn)
Jewellery
 d - the ring "Jistin" (right hand) {rF++ rC- Int+6 Dex+3}
   (You found it on level 2 of the Dungeon)

   [ring of intelligence]

   Int:       It affects your intelligence (+6).
   Dex:       It affects your dexterity (+3).
   rF:        It greatly protects you from fire.
   rC:        It makes you vulnerable to cold.
 i - a +6 ring of dexterity (left hand)
 v - an amulet of faith
 F - a ring of ice
 H - a +4 ring of slaying
 S - a ring of resist corrosion
Wands
 N - a wand of roots (8)
 R - a wand of mindburst (13)
 U - a wand of charming (3)
Scrolls
 e - 2 scrolls of poison
 j - 4 scrolls of noise
 o - 6 scrolls of teleportation
 p - 2 scrolls of fear
 s - 2 scrolls of blinking
 t - 3 scrolls of vulnerability {unknown}
 u - a scroll of fog
 z - 2 scrolls of immolation
 A - 2 scrolls of amnesia
 B - a scroll of enchant armour
 I - 2 scrolls of brand weapon {unknown}
 J - 2 scrolls of magic mapping
 L - a scroll of enchant weapon {unknown}
Potions
 f - a potion of berserk rage
 h - 5 potions of lignification
 l - a potion of heal wounds
 m - 2 potions of brilliance
 n - 4 potions of might
 q - 3 potions of curing
 r - 2 potions of flight
 w - a potion of degeneration
 x - a potion of invisibility
 C - a potion of mutation
 K - 2 potions of haste
 O - a potion of attraction
Miscellaneous
 T - a piece from Xom's chessboard (15/15)


   Skills:
 + Level 6.5 Fighting
 + Level 9.1 Axes
 + Level 0.5 Throwing
 + Level 6.6 Armour
 + Level 3.9 Dodging
 - Level 1.4 Stealth
 + Level 5.5 Shields
 * Level 5.1 Invocations


You had 9 spell levels left.
You didn't know any spells.
Your spell library contained the following spells:

 Spells                   Type           Power      Damage    Failure   Level
 Ensorcelled Hibernation  Hex/Ice        0%         N/A       99%         2
 Passwall                 Tmut/Erth      0%         N/A       99%         2
 Swiftness                Air            0%         N/A       100%        3


Dungeon Overview and Level Annotations

Branches:
Dungeon (9/15)             Temple (1/1) D:6            Lair (0/5) D:9
Ossuary (visited)
    Orc: D:9-12

Altars:
Ashenzari
Cheibriados
Fedhas
Gozag
Kikubaaqudgha
Makhleb
Okawaru
Qazlal
Ru
Sif Muna
Uskayaw
Wu Jian
Yredelemnul

Shops:
D:5 :   D:6 !


Innate Abilities, Weirdness & Mutations

You have large cloven feet.
A powerful demonic guardian rushes to your aid.
You regenerate magic rapidly.
You have a tail ending in a sharp stinger.
You are partially covered in iridescent scales. (AC +2)
Your mind is acute. (Int +4, Str/Dex -1)
Your movements are slightly less encumbered by armour. (ER -2)


Message History

You feel strangely unstable.
You feel sick. The acid dragon bites you.
* * * LOW HITPOINT WARNING * * *
You block the acid dragon's attack.
You hit the acid dragon but do no damage.
You hit the plant.
The plant begins to die.
You feel sick. The acid dragon bites you!
* * * LOW HITPOINT WARNING * * *
The acid dragon claws you.
* * * LOW HITPOINT WARNING * * *
Your smoke demon misses the acid dragon.
Your smoke demon hits the acid dragon.
Your smoke demon hits the acid dragon but does no damage.
You feel much better.
You feel sick. You block the acid dragon's attack.
The acid dragon claws you but does no damage.
Your smoke demon closely misses the acid dragon.
Your smoke demon misses the acid dragon.
Your smoke demon hits the acid dragon but does no damage.
You barely miss the acid dragon.
You kick the acid dragon, but do no damage.
You tail-slap the acid dragon, but do no damage.
The acid dragon is lightly wounded.
You slash the plant!
Your surroundings seem slightly different.
You feel sick.
Your smoke demon gestures at the acid dragon.
The sticky flame hits the acid dragon!
The acid dragon is covered in liquid flames!
The acid dragon spits acid at you. The splash of acid hits you!
* * * LOW HITPOINT WARNING * * *
A demonic guardian appears!
As you read the scroll of teleportation, it crumbles to dust.
You feel strangely unstable.
You feel sick.
A nearby plant withers and dies.
The acid dragon burns!
Your smoke demon hits the acid dragon but does no damage.
Your smoke demon misses the acid dragon.
Your smoke demon hits the acid dragon.
The acid dragon spits acid at you. The splash of acid hits you!!
You die...

z3.##.####............. #.##
...##.###.........P.P..# #.#
z..##.........#'##...... #.#
...#.......ยง..#..#..P..#######.##
...'.......D3.#.>#...............
...#..........####.P...#######.##
...#...........................##
####............3.P...#)g......##
............@.....#.......##.
...###'..........#####)####.. ...
).........### ###.##...#
........### #...##.### ........#
#.####.# ##........# #...#..#
+.........# ###....## #.........#
###.)..### #.#+# ##......#


You could see an acid dragon (burning, catching breath, ally target), a friendly
soul eater (summoned) and a friendly smoke demon (summoned).

Vanquished Creatures
  A steam dragon (D:8)
  2 yaks (D:8)
  2 water moccasins
  2 ice beasts
  4 black bears
  2 ogres (D:7)
  3 sky beasts
  5 centaurs
  A phantom (D:7)
  2 kobold brigands
  4 bullfrogs
  2 gnoll sergeants
  5 scorpions
  3 elf skeletons (D:4)
  A necrophage (D:5)
  3 wights
  2 human zombies (D:4)
  2 jellies
  An orc priest (D:9)
  5 hounds
  A human skeleton (D:4)
  4 iguanas
  3 orc wizards
  2 mummies (Ossuary)
  7 adders
  15 gnolls
  A shadow imp (D:6)
  2 white imps
  An ufetubus (D:6)
  4 adder zombies (Ossuary)
  A worm (D:2)
  22 orcs
  6 endoplasms
  2 giant cockroaches
  5 gnoll zombies (Ossuary)
  5 goblins
  5 hobgoblins
  15 kobolds
  6 quokkas
  6 ball pythons
  5 bats
  5 hobgoblin zombies (Ossuary)
  6 kobold zombies (Ossuary)
  5 orc zombies (Ossuary)
  3 rats
  A bush (D:9)
190 creatures vanquished.

Vanquished Creatures (collateral kills)
  3 yaks (D:8)
  A steam dragon (D:8)
  Duvessa (D:6)
  2 orc warriors (D:9)
  A black bear (D:9)
  2 bullfrogs
  A water moccasin zombie (Ossuary)
  2 wights
  Dowan (D:6)
  An orc priest (D:9)
  An orc wizard (D:9)
  3 gnolls
  An adder zombie (Ossuary)
  2 orcs
  A hobgoblin zombie (Ossuary)
  An orc zombie (Ossuary)
24 creatures vanquished.

Vanquished Creatures (others)
  14 fungi (D:9)
  15 plants (D:9)
29 creatures vanquished.

Grand Total: 243 creatures vanquished

Notes
Turn   | Place    | Note
-------+----------+-------------------------------------------
     0 | D:1      | jlumianski the Demonspawn Fighter began the quest for the
                  | Orb.
     0 | D:1      | Reached XP level 1. HP: 18/18 MP: 1/1
   312 | D:1      | Gained mutation: A weak demonic guardian rushes to your
                  | aid. [demonic ancestry]
   312 | D:1      | Reached XP level 2. HP: 21/24 MP: 2/2
   755 | D:2      | Reached skill level 2 in Axes
   758 | D:2      | Discovered your monstrous ancestry.
   758 | D:2      | Gained mutation: You have large cloven feet. [demonic
                  | ancestry]
   758 | D:2      | Reached XP level 3. HP: 16/29 MP: 3/3
   957 | D:2      | Identified the ring "Jistin" {rF++ rC- Int+6 Dex+3}
  1014 | D:2      | Gained mutation: You have a small tail. [demonic ancestry]
  1014 | D:2      | Reached XP level 4. HP: 35/35 MP: 4/4
  1131 | D:2      | Found an iron altar of Okawaru.
  1858 | D:3      | Reached skill level 3 in Axes
  2204 | D:3      | Found a blossoming altar of Fedhas.
  2214 | D:3      | Found an opulent altar of Gozag.
  2382 | D:3      | Found a shimmering blue altar of Sif Muna.
  2544 | D:4      | Gained mutation: A demonic guardian rushes to your aid.
                  | [demonic ancestry]
  2544 | D:4      | Reached XP level 5. HP: 23/41 MP: 5/5
  2552 | D:4      | Found a sand-covered staircase.
  2565 | Ossuary  | Entered an ossuary
  2677 | Ossuary  | Reached skill level 4 in Axes
  2770 | Ossuary  | Reached XP level 6. HP: 45/48 MP: 6/6
  2819 | Ossuary  | Reached skill level 1 in Dodging
  2973 | D:4      | Reached skill level 5 in Axes
  3148 | D:4      | Gained mutation: A powerful demonic guardian rushes to your
                  | aid. [demonic ancestry]
  3148 | D:4      | Reached XP level 7. HP: 53/53 MP: 7/7
  3817 | D:5      | Entered Level 5 of the Dungeon
  4123 | D:5      | Found Siurhyise's Self-Improvement Boutique.
  4176 | D:5      | Reached skill level 6 in Axes
  4530 | D:5      | Reached XP level 8. HP: 60/61 MP: 8/8
  4915 | D:6      | Noticed Duvessa
  4915 | D:6      | Noticed Dowan
  4924 | D:5      | Reached skill level 5 in Armour
  5148 | D:6      | Found a hide-covered altar of Uskayaw.
  5283 | D:6      | Found a staircase to the Ecumenical Temple.
  5295 | D:6      | Reached skill level 5 in Fighting
  5295 | D:6      | Reached skill level 7 in Axes
  5295 | D:6      | Reached skill level 1 in Stealth
  5299 | D:6      | HP: 3/62 [Duvessa/+2 short sword of speed (10)]
  5299 | D:6      | Killed Duvessa
  5304 | D:6      | Killed Dowan
  5514 | D:6      | Gained mutation: You have a tail ending in a sharp stinger.
                  | [demonic ancestry]
  5514 | D:6      | Reached XP level 9. HP: 57/68 MP: 9/9
  5517 | Temple   | Entered the Ecumenical Temple
  5536 | Temple   | Became a worshipper of Qazlal Stormbringer
  5733 | D:6      | Found Vuxic's Distillery.
  5765 | D:6      | Bought 2 potions of might for 96 gold pieces
  5765 | D:6      | Bought a potion of heal wounds for 60 gold pieces
  7010 | D:7      | Reached skill level 8 in Axes
  7109 | D:7      | Gained mutation: Your mind is acute. (Int +4, Str/Dex -1)
                  | [potion of mutation]
  7109 | D:7      | Gained mutation: You are partially covered in iridescent
                  | scales. (AC +2) [potion of mutation]
  7109 | D:7      | Gained mutation: Your movements are slightly less
                  | encumbered by armour. (ER -2) [potion of mutation]
  7365 | D:8      | Reached skill level 1 in Invocations
  7379 | D:8      | Reached skill level 5 in Shields
  7591 | D:8      | HP: 2/69 [yak (4)]
  7596 | D:8      | Gained mutation: You regenerate magic rapidly. [demonic
                  | ancestry]
  7596 | D:8      | Reached XP level 10. HP: 25/76 MP: 10/12
  8606 | D:9      | Reached * piety under Qazlal
  8687 | D:9      | Found an iron altar of Okawaru.
  8688 | D:9      | Found an ornate altar of the Wu Jian Council.
  8753 | D:9      | Reached skill level 9 in Axes
  9622 | D:9      | Found a staircase to the Lair.
  9629 | D:9      | Reached skill level 5 in Invocations
  9652 | D:9      | Killed from afar by an acid dragon

Illustrated notes

Levels and vault maps discovered:
D:1:      dpeg_arrival_tiny_k, layout_loops_ring, serial_glass, glass_columns_a,
          glass_columns_a, minmay_pentomino_t4
D:2:      layout_basic, basic_altar, chequers_serial_rivers_micro_e
D:3:      layout_rooms, nicolae_sif_muna_little_library, jmf_multi_god_temple,
          minmay_strange_pillars
D:4:      layout_loops_ring, nicolae_ossuary_entry_catacombs
D:5:      layout_loops_ring, hangedman_decor_points, nicolae_shop_self_help
D:6:      layout_rooms, mainiacjoe_overflow_six_doors_small,
          minmay_temple_entry_ruins, serial_shops, nicolae_shop_statue_plus,
          uniq_duvessa
D:7:      layout_basic
D:8:      layout_loops_ring, minmay_curled_crystal
D:9:      layout_basic, grunt_temple_overflow_open,
          grunt_lair_entry_orc_guard_hut, kb_lookout_dungeons_type,
          nicolae_figureground_pulse
Temple:   nicolae_temple_bog_church

Skill      XL: |  1  2  3  4  5  6  7  8  9 10 |
---------------+-------------------------------+-----
Axes           | 2 3 4 5 6 7 8 9 |  9.1
Armour         | 3 4 5 6 |  6.6
Shields        | 3 4 5 |  5.5
Dodging        | 1 2 3 |  3.9
Fighting       | 4 5 6 |  6.5
Stealth        | 1 |  1.4
Invocations    | 3 5 |  5.1
Throwing       | |  0.5

Action                     |  1- 3 |  4- 6 |  7- 9 | 10-12 || total
---------------------------+-------+-------+-------+-------++-------
  Melee: War axe           |    59 |   209 |    29 |       ||   297
         Kick              |     8 |    60 |    74 |    35 ||   177
         Tailslap          |       |    36 |    32 |    17 ||    85
         Broad axe         |       |       |   223 |   104 ||   327
         Unarmed           |       |       |       |     8 ||     8
  Throw: Stone             |     2 |       |    12 |       ||    14
         Dart              |       |       |     2 |       ||     2
    Use: Potion            |     1 |     6 |     5 |     5 ||    17
         Scroll            |       |     9 |     3 |     3 ||    15
 Armour: Scale mail        |    29 |    71 |   121 |    30 ||   251
         Plate armour      |       |       |       |    29 ||    29
  Dodge: Dodged            |    31 |    56 |   142 |    74 ||   303
  Block: Buckler           |    10 |    50 |   131 |    70 ||   261

Table legend: (Time is in decaauts)
 A = Elapsed time spent in this place.
 B = Non-inter-level travel time spent in this place.
 C = Inter-level travel time spent in this place.
 D = Time resting spent in this place.
 E = Time spent auto-exploring this place.
 F = Levels seen in this place.
 G = Mean time per level.
                   A        B        C        D        E       F      G
               +--------+--------+--------+--------+--------+-----+--------+
         Total |   9842 |   9568 |    274 |   1075 |   5162 |  11 |  894.7 |
       Dungeon |   9404 |   9130 |    274 |    952 |   5162 |   9 | 1044.9 |
        Temple |     43 |     43 |      0 |      0 |      0 |   1 |   43.0 |
       Ossuary |    395 |    395 |      0 |    123 |      0 |   1 |  395.0 |
               +--------+--------+--------+--------+--------+-----+--------+

Top non-repeatable levels by time:
     D:8: 1366 daAuts
     D:5: 1300 daAuts
     D:7: 1271 daAuts
     D:9: 1088 daAuts
     D:4: 1073 daAuts
     D:2: 1040 daAuts
     D:6: 829 daAuts
     D:1: 733 daAuts
     D:3: 701 daAuts
 Ossuary: 395 daAuts
  Temple: 43 daAuts
